 Dungeon Crawl Stone Soup version 0.29.0-4-gdea44cf6ec (webtiles) character file.

Game seed: 11346159218171909778

28 qw the Chopper (level 3, -2/21 HPs)
             Began as a Tengu Warper on Aug 28, 2022.
             Slain by a gnoll
             ... wielding a +0 spear
              (6 damage)
             ... on level 2 of the Dungeon.
             The game lasted 00:00:07 (1457 turns).

qw the Chopper (Tengu Warper)                       Turns: 1457, Time: 00:00:08

Health: -2/21      AC:  3    Str: 13    XL:     3   Next: 12%
Magic:  7/7        EV: 12    Int: 13    God:
Gold:   61         SH:  0    Dex: 13    Spells: 6/6 levels left

rFire   . . .      SeeInvis .   Y - +1 hand axe
rCold   . . .      Faith    .   (no shield)
rNeg    . . .      Spirit   .   b - +0 leather armour
rPois   .          Reflect  .   (helmet restricted)
rElec   .          Harm     .   (no cloak)
rCorr   .          Rampage  .   (no gloves)
Will    .....                   (boots unavailable)
Stlth   +.........              (no amulet)
HPRegen 0.07/turn               (no ring)
MPRegen 0.10/turn               (no ring)

@: about to teleport
A: beak, talons 3
a: no special abilities


You were on level 2 of the Dungeon.
You visited 1 branch of the dungeon, and saw 2 of its levels.

You collected 61 gold pieces.


Innate Abilities, Weirdness & Mutations

You have a beak for a mouth.
You have claws for feet.


   Skills:
 - Level 2.0 Fighting
 + Level 3.9 Axes
 - Level 1.0 Throwing
 - Level 1.1 Armour
 - Level 2.1 Dodging
 - Level 2.0 Spellcasting
 - Level 2.4 Translocations


You had 6 spell levels left.
You didn't know any spells.
Your spell library contained the following spells:

 Spells                   Type           Power      Damage    Failure   Level
 Blink                    Tloc           14%        N/A       19%         2
 Gell's Gravitas          Tloc           7%         N/A       36%         3
 Lesser Beckoning         Tloc           7%         N/A       36%         3
 Teleport Other           Tloc           7%         N/A       36%         3
 Manifold Assault         Tloc           7%         N/A       98%         5

Inventory:

Hand Weapons
 g - a +0 mace
 Y - a +1 hand axe (weapon)
Missiles
 j - 4 boomerangs (quivered)
Armour
 b - a +0 leather armour (worn)
Scrolls
 a - 2 scrolls of identify
 c - 2 scrolls of amnesia {unknown}
 e - a scroll of teleportation
Potions
 d - a potion of heal wounds {unknown}
 f - a potion of resistance {unknown}
 h - 2 potions of curing
 i - a potion of experience {unknown}
 k - a potion of attraction {unknown}
 l - a potion of might {unknown}

Dungeon Overview and Level Annotations

Branches:
Dungeon (2/15)

Altars:


Message History

You kill the hobgoblin!
A nearby plant withers and dies.
Something hits the plant!
Press < or > to pray at altars.
Press < or > to pray at altars.
Press < or > to pray at altars.
Press < or > to pray at altars.
You slash the gnoll! Your kick misses the gnoll.
The gnoll is heavily wounded.
The gnoll hits you with a +0 club!
Press < or > to pray at altars.
Press < or > to pray at altars.
Press < or > to pray at altars.
Press < or > to pray at altars.
You closely miss the gnoll. Your peck misses the gnoll.
The gnoll is heavily wounded.
The gnoll barely misses you.
Something hits the plant.
The gnoll hits the plant with a +0 flail.
The gnoll hits you with a +0 club.
Press < or > to pray at altars.
Press < or > to pray at altars.
Press < or > to pray at altars.
Press < or > to pray at altars.
You closely miss the gnoll.
The gnoll is heavily wounded.
The gnoll hits the plant with a +0 flail.
The gnoll barely misses you.
Something hits the plant!
The gnoll hits you with a +0 club.
Press < or > to pray at altars.
Press < or > to pray at altars.
Press < or > to pray at altars.
Press < or > to pray at altars.
1456 ||| READING 2 scrolls of teleportation.
As you read the scroll of teleportation, it crumbles to dust.
You feel strangely unstable.
A nearby plant withers and dies.
The gnoll misses you. The gnoll closely misses you.
Press < or > to pray at altars.
Press < or > to pray at altars.
Press < or > to pray at altars.
You closely miss the gnoll.
The gnoll is heavily wounded.
The gnoll hits you from afar with a +0 spear.
You die...

#.##........##
#...........'.
.........
####........#.
..Pg....#
#........#
.g..P...#
#........#
###gg~....#
#........#
.........#
#........
...}......
#########
###gg...~..#
## #@g.....~.#
#..###.......#
#.....####...#
#.....P...####
#.PP.P....P.#
#######%...##
##.### #.# #.#


You could see 3 gnolls.

Vanquished Creatures
  A dart slug (D:1)
  4 bats
  An endoplasm (D:1)
  A giant cockroach (D:1)
  4 goblins (D:1)
  4 hobgoblins
  A quokka (D:2)
  A ball python (D:2)
  A frilled lizard (D:1)
  5 kobolds
  A rat (D:1)
24 creatures vanquished.

Vanquished Creatures (others)
  2 fungi (D:2)
  8 plants (D:2)
10 creatures vanquished.

Grand Total: 34 creatures vanquished

Notes
Turn   | Place    | Note
-------+----------+-------------------------------------------
     0 | D:1      | qw the Tengu Warper began the quest for the Orb.
     0 | D:1      | Reached XP level 1. HP: 12/12 MP: 4/4
     0 | D:1      | 0 ||| qw: Version: 0.1-a-89-g26bdef1
     0 | D:1      | 0 ||| qw: Game counter: 923
     0 | D:1      | 0 ||| qw: Always use a shield: true
     0 | D:1      | 0 ||| qw: God list: Okawaru
     0 | D:1      | 0 ||| qw: Allow faded altars: false
     0 | D:1      | 0 ||| qw: Do Orc after D:15 true
     0 | D:1      | 0 ||| qw: Do second Lair branch before Depths: true
     0 | D:1      | 0 ||| qw: Lair rune preference: random
     0 | D:1      | 0 ||| qw: Plans: Normal
     0 | D:1      | 0 ||| PLANNING D:1-11
   159 | D:1      | Reached XP level 2. HP: 17/17 MP: 6/6
   188 | D:1      | Reached skill level 3 in Axes
   200 | D:1      | 200 ||| Stepping ~*~*~tactically~*~*~ (hiding).
   208 | D:1      | 208 ||| Stepping ~*~*~tactically~*~*~ (stealth).
   209 | D:1      | 209 ||| Stepping ~*~*~tactically~*~*~ (hiding).
   212 | D:1      | 212 ||| Stepping ~*~*~tactically~*~*~ (stealth).
   215 | D:1      | 215 ||| Stepping ~*~*~tactically~*~*~ (stealth).
   831 | D:1      | 831 ||| READING 2 scrolls labelled JOGAOROUREI.
   832 | D:1      | 832 ||| READING scroll labelled OZXOST PYAMIA.
   833 | D:1      | 833 ||| READING scroll labelled RETODUBIULI.
   837 | D:1      | 837 ||| READING scroll labelled ECKOVA ZAISHENT.
   838 | D:1      | 838 ||| READING scroll labelled RIXIRH DINIOCK.
   839 | D:1      | 839 ||| DRINKING 2 smoky amethyst potions.
   840 | D:1      | 840 ||| DROPPING scroll of blinking.
  1123 | D:2      | 1123 ||| Stepping ~*~*~tactically~*~*~ (stealth).
  1129 | D:2      | Reached XP level 3. HP: 21/21 MP: 7/7
  1442 | D:2      | Found a faded altar of an unknown god.
  1445 | D:2      | 1445 ||| Stepping ~*~*~tactically~*~*~ (stealth).
  1446 | D:2      | 1446 ||| Stepping ~*~*~tactically~*~*~ (stealth).
  1449 | D:2      | 1449 ||| Stepping ~*~*~tactically~*~*~ (hiding).
  1455 | D:2      | HP: 4/21 [gnoll/+0 club (4)]
  1456 | D:2      | 1456 ||| READING 2 scrolls of teleportation.
  1457 | D:2      | Slain by a gnoll

Levels and vault maps discovered:
D:1:      dpeg_arrival_more_subterranean_lakeside_camping, layout_loops_cross,
          minmay_fountain_box
D:2:      layout_basic, basic_altar, shapermc_ecumenical_altar_mp_ritualfount

Skill      XL: |  1  2 |
---------------+-------+-----
Axes           | 3 |  3.9
Fighting       | |  2.0
Throwing       | |  1.0
Armour         | |  1.1
Dodging        | |  2.1
Spellcasting   | |  2.0
Translocations | |  2.4

Action                   || total
-------------------------++-------
Melee: Hand axe          ||    50
       Peck              ||     4
       Kick              ||     7
Throw: Boomerang         ||    12
  Use: Scroll            ||     6
       Potion            ||     1
Armor: Leather armour    ||     8
Dodge: Dodged            ||    34

Table legend:
 A = Non-vault XP
 B = Vault XP
 C = Vault XP percentage of total XP
 D = Non-vault monster count
 E = Vault monster count
 F = Vault count percentage of total count
                 A         B        C        D         E       F
            +---------+---------+-------+---------+---------+-------
      Total |      40 |       0 |   0.0 |      24 |       0 |   0.0
            +---------+---------+-------+---------+---------+-------
        D:1 |      29 |       0 |   0.0 |      16 |       0 |   0.0
        D:2 |      11 |       0 |   0.0 |       8 |       0 |   0.0
            +---------+---------+-------+---------+---------+-------
